General information
- name: BNet
- type: Ladder team game (AT/RT)
- host: Battle.net
- saver: 135678637129385
map: Deathknell
- players: 8
- length: 40:57
- speed: Fast
- version: 1.27 W3XP
- replay type: Public
» download(271 KB)
Players
team 1 (loser)

»
Henry (
yellow | 78 APM | 1310 actions | 16:53)
3 Demon Hunter
2 Mana Burn
1 Evasion
2 Pandaren Brewmaster
1 Breath of Fire
1 Drunken Brawler
» actions
| Assign group hotkey | 30 | |
| Basic commands | 1 | |
| Build / train | 67 | |
| Enter build submenu | 16 | |
| Enter hero's abilities submenu | 5 | |
| Right click | 424 | |
| Select / deselect | 196 | |
| Select group hotkey | 525 | |
| Use ability | 46 | |
1310 total
» units
| Wisp | 14 | |
| Archer | 5 | |
| Dryad | 4 | |
| Druid of the Claw | 7 | |
| Mud Golem | 2 | |
| Ice Troll Berserker | 1 | |
33 total
» upgrades
| Strength of the Wild | 3 | |
| Reinforced Hides | 3 | |
| Druid of the Claw Training | 2 | |
| Abolish Magic | 1 | |
| Mark of the Claw | 1 | |
10 total
» buildings
| Moon Well | 7 | |
| Altar of Elders | 1 | |
| Ancient of War | 1 | |
| Ancient of Wonders | 1 | |
| Tree of Ages | 4 | |
| Hunter's Hall | 1 | |
| Ancient of Lore | 2 | |
| Tree of Eternity | 1 | |
| Tree of Life | 1 | |
| Ancient Protector | 1 | |
20 total
» build order
00:19 Moon Well
00:37 Altar of Elders
01:15 Ancient of War
01:44 Moon Well
02:01 Ancient of Wonders
02:37 Moon Well
02:42 Moon Well
03:18 Tree of Ages
03:18 Tree of Ages
04:01 Hunter's Hall
04:29 Moon Well
05:54 Ancient of Lore
05:56 Ancient of Lore
06:01 Tree of Eternity
06:51 Moon Well
15:28 Tree of Life
15:30 Ancient Protector
16:30 Moon Well
» items
| Potion of Healing | 1 | |
| Staff of Preservation | 1 | |
| Scroll of Town Portal | 1 | |
3 total
FashionablyLate (
pink | 59 APM | 2433 actions | 40:57)
9 Blademaster
3 Wind Walk
3 Critical Strike
1 Bladestorm
2 Mirror Image
» actions
| Assign group hotkey | 151 | |
| Basic commands | 23 | |
| Build / train | 91 | |
| Enter build submenu | 69 | |
| Enter hero's abilities submenu | 9 | |
| Give item / drop item | 5 | |
| Remove unit from queue | 2 | |
| Right click | 1050 | |
| Select / deselect | 454 | |
| Select group hotkey | 368 | |
| Use ability | 211 | |
2433 total
» units
| Peon | 13 | |
| Grunt | 4 | |
| Goblin Shredder | 1 | |
| Goblin Zeppelin | 1 | |
| Troll Batrider | 4 | |
| Goblin Sapper | 3 | |
| Raider | 11 | |
37 total
» upgrades
| Reinforced Defenses | 1 | |
| Ranged Weapons | 3 | |
| Armor | 3 | |
| Liquid Fire | 1 | |
| Troll Regeneration | 1 | |
| Melee Weapons | 3 | |
| Pillage | 1 | |
| Ensnare | 1 | |
| Spiked Barricades | 3 | |
17 total
» buildings
| Orc Burrow | 8 | |
| Altar of Storms | 1 | |
| Barracks | 1 | |
| Voodoo Lounge | 3 | |
| Stronghold | 1 | |
| War Mill | 2 | |
| Great Hall | 4 | |
| Fortress | 1 | |
| Watch Tower | 42 | |
| Beastiary | 4 | |
67 total
» build order
00:10 Orc Burrow
00:51 Altar of Storms
00:59 Orc Burrow
01:04 Barracks
02:11 Voodoo Lounge
03:00 Stronghold
03:47 Orc Burrow
04:36 War Mill
05:15 Great Hall
06:30 Orc Burrow
06:33 Fortress
06:41 Watch Tower
06:41 Watch Tower
07:09 Watch Tower
09:39 Watch Tower
09:39 Watch Tower
09:41 Watch Tower
09:43 Watch Tower
09:48 Watch Tower
09:50 Watch Tower
09:51 Watch Tower
09:54 Watch Tower
09:56 Watch Tower
13:47 Beastiary
13:48 Beastiary
13:48 Beastiary
13:49 Beastiary
13:54 War Mill
17:29 Watch Tower
17:29 Watch Tower
17:30 Watch Tower
17:30 Watch Tower
17:38 Watch Tower
17:40 Watch Tower
17:42 Watch Tower
17:45 Watch Tower
17:47 Watch Tower
19:22 Orc Burrow
19:24 Orc Burrow
19:27 Orc Burrow
21:22 Great Hall
21:24 Watch Tower
21:25 Watch Tower
22:51 Watch Tower
22:52 Watch Tower
23:14 Voodoo Lounge
23:35 Watch Tower
23:35 Watch Tower
23:36 Watch Tower
23:37 Watch Tower
30:24 Watch Tower
30:39 Watch Tower
30:40 Watch Tower
31:41 Watch Tower
31:43 Watch Tower
31:51 Watch Tower
31:56 Voodoo Lounge
34:06 Orc Burrow
36:37 Great Hall
38:50 Great Hall
39:11 Watch Tower
39:11 Watch Tower
39:14 Watch Tower
39:14 Watch Tower
» items
| Healing Salve | 9 | |
| Orb of Venom | 1 | |
| Anti-magic Potion | 1 | |
| Potion of Healing | 1 | |
| Lesser Clarity Potion | 2 | |
| Scroll of Town Portal | 4 | |
| Orb of Lightning | 1 | |
| Tiny Great Hall | 1 | |
| Potion of Mana | 2 | |
22 total
REDHEAD-MAN (
teal | 74 APM | 3046 actions | 40:57)
8 Blademaster
3 Wind Walk
3 Critical Strike
1 Bladestorm
1 Mirror Image
» actions
| Assign group hotkey | 47 | |
| Basic commands | 24 | |
| Build / train | 82 | |
| Enter build submenu | 29 | |
| Enter hero's abilities submenu | 8 | |
| Give item / drop item | 2 | |
| Right click | 1380 | |
| Select / deselect | 392 | |
| Select group hotkey | 843 | |
| Use ability | 239 | |
3046 total
» units
| Peon | 13 | |
| Grunt | 4 | |
| Goblin Shredder | 4 | |
| Wind Rider | 4 | |
| Troll Batrider | 13 | |
| Dragonhawk Rider | 1 | |
| Gryphon Rider | 2 | |
| Raider | 2 | |
43 total
» upgrades
| Reinforced Defenses | 1 | |
| Ranged Weapons | 2 | |
| Armor | 2 | |
| Envenomed Spears | 1 | |
| Liquid Fire | 1 | |
| Cloud | 1 | |
| Storm Hammers | 1 | |
| Ensnare | 1 | |
| Pillage | 1 | |
| Melee Weapons | 2 | |
13 total
» buildings
| Altar of Storms | 1 | |
| Orc Burrow | 6 | |
| Barracks | 1 | |
| Voodoo Lounge | 1 | |
| Stronghold | 3 | |
| Great Hall | 1 | |
| War Mill | 1 | |
| Beastiary | 3 | |
| Fortress | 2 | |
| Watch Tower | 25 | |
| Gryphon Aviary | 3 | |
| Farm | 6 | |
53 total
» build order
00:07 Altar of Storms
00:22 Orc Burrow
00:47 Barracks
01:24 Orc Burrow
02:04 Voodoo Lounge
03:01 Orc Burrow
03:55 Stronghold
03:55 Stronghold
03:56 Stronghold
04:20 Great Hall
05:23 War Mill
06:26 Beastiary
06:59 Beastiary
07:30 Fortress
07:30 Fortress
07:55 Orc Burrow
08:33 Beastiary
08:43 Watch Tower
08:44 Watch Tower
08:44 Watch Tower
08:45 Watch Tower
08:45 Watch Tower
10:37 Orc Burrow
11:16 Watch Tower
11:16 Watch Tower
11:24 Watch Tower
11:25 Watch Tower
11:27 Watch Tower
11:27 Watch Tower
11:33 Watch Tower
13:01 Watch Tower
13:07 Watch Tower
13:16 Watch Tower
13:16 Watch Tower
14:18 Watch Tower
14:19 Watch Tower
14:28 Orc Burrow
14:36 Watch Tower
14:37 Watch Tower
14:39 Watch Tower
14:39 Watch Tower
16:24 Watch Tower
16:24 Watch Tower
30:10 Gryphon Aviary
30:11 Gryphon Aviary
30:11 Gryphon Aviary
30:25 Farm
30:25 Farm
30:25 Farm
30:26 Farm
30:26 Farm
30:27 Farm
36:00 Watch Tower
» items
| Healing Salve | 4 | |
| Scroll of Town Portal | 3 | |
| Orb of Lightning | 1 | |
| Potion of Mana | 1 | |
| Potion of Healing | 1 | |
| Tiny Great Hall | 1 | |
11 total

»
talk (
green | 46 APM | 1355 actions | 29:37)
3 Archmage
2 Summon Water Elemental
1 Brilliance Aura
» actions
| Assign group hotkey | 26 | |
| Basic commands | 57 | |
| Build / train | 109 | |
| Enter build submenu | 111 | |
| Enter hero's abilities submenu | 3 | |
| Give item / drop item | 1 | |
| Right click | 360 | |
| Select / deselect | 399 | |
| Select group hotkey | 150 | |
| Use ability | 139 | |
1355 total
» units
| Peasant | 18 | |
| Footman | 7 | |
| Goblin Shredder | 2 | |
27 total
» upgrades
| Defend | 1 | |
| Lumber Harvesting | 2 | |
| Masonry | 3 | |
6 total
» buildings
| Barracks | 1 | |
| Farm | 8 | |
| Altar of Kings | 1 | |
| Scout Tower | 93 | |
| Arcane Tower | 3 | |
| Arcane Vault | 2 | |
| Lumber Mill | 3 | |
| Keep | 1 | |
| Town Hall | 1 | |
| Guard Tower | 55 | |
| Castle | 2 | |
170 total
» build order
00:14 Barracks
00:17 Farm
00:20 Altar of Kings
00:40 Farm
01:53 Farm
01:56 Scout Tower
02:25 Arcane Tower
03:44 Farm
03:51 Arcane Vault
04:25 Arcane Vault
04:31 Lumber Mill
06:08 Keep
06:14 Town Hall
06:21 Scout Tower
06:23 Scout Tower
06:26 Scout Tower
06:41 Farm
07:03 Guard Tower
08:17 Farm
09:06 Castle
09:06 Castle
09:27 Lumber Mill
09:36 Scout Tower
09:41 Scout Tower
09:46 Scout Tower
09:49 Scout Tower
09:51 Scout Tower
09:59 Scout Tower
10:02 Scout Tower
10:10 Guard Tower
10:36 Guard Tower
10:42 Guard Tower
10:50 Guard Tower
10:58 Scout Tower
11:03 Scout Tower
11:08 Scout Tower
11:12 Scout Tower
11:23 Scout Tower
11:29 Scout Tower
11:30 Guard Tower
11:41 Guard Tower
11:43 Guard Tower
12:58 Guard Tower
13:04 Scout Tower
13:50 Guard Tower
15:34 Scout Tower
15:39 Scout Tower
15:46 Scout Tower
15:50 Guard Tower
15:53 Scout Tower
15:54 Guard Tower
15:58 Scout Tower
16:00 Scout Tower
16:06 Guard Tower
16:09 Scout Tower
16:11 Guard Tower
16:14 Scout Tower
16:20 Scout Tower
16:21 Guard Tower
16:40 Guard Tower
16:46 Guard Tower
16:51 Scout Tower
16:52 Guard Tower
16:52 Guard Tower
16:55 Scout Tower
17:11 Scout Tower
17:14 Guard Tower
17:17 Scout Tower
17:20 Scout Tower
17:44 Guard Tower
17:48 Scout Tower
17:51 Scout Tower
18:19 Scout Tower
18:23 Guard Tower
18:26 Scout Tower
18:28 Arcane Tower
18:31 Scout Tower
18:34 Scout Tower
18:57 Scout Tower
19:00 Guard Tower
19:01 Guard Tower
19:03 Guard Tower
19:06 Scout Tower
19:09 Scout Tower
19:16 Guard Tower
19:21 Scout Tower
19:31 Scout Tower
19:34 Scout Tower
19:38 Scout Tower
19:41 Guard Tower
19:45 Scout Tower
19:48 Scout Tower
19:50 Scout Tower
19:53 Scout Tower
20:06 Arcane Tower
20:08 Scout Tower
20:12 Guard Tower
20:14 Scout Tower
20:16 Scout Tower
20:21 Scout Tower
20:27 Guard Tower
20:31 Scout Tower
20:33 Scout Tower
20:37 Scout Tower
20:40 Scout Tower
20:47 Guard Tower
20:51 Scout Tower
21:07 Guard Tower
21:15 Scout Tower
21:22 Guard Tower
21:24 Guard Tower
21:26 Scout Tower
21:29 Scout Tower
21:32 Guard Tower
21:37 Scout Tower
21:39 Scout Tower
21:46 Guard Tower
21:49 Scout Tower
21:52 Scout Tower
22:08 Guard Tower
22:12 Scout Tower
22:15 Scout Tower
22:23 Guard Tower
22:27 Scout Tower
22:31 Scout Tower
22:56 Guard Tower
22:57 Guard Tower
23:01 Scout Tower
23:06 Scout Tower
23:09 Scout Tower
23:13 Scout Tower
23:34 Farm
23:36 Guard Tower
23:39 Guard Tower
23:41 Farm
23:43 Guard Tower
24:05 Scout Tower
24:13 Lumber Mill
24:18 Scout Tower
24:22 Scout Tower
24:40 Guard Tower
24:45 Scout Tower
24:56 Scout Tower
24:58 Scout Tower
25:02 Scout Tower
25:11 Guard Tower
25:14 Scout Tower
25:18 Scout Tower
25:24 Guard Tower
25:25 Scout Tower
25:28 Guard Tower
25:33 Guard Tower
25:37 Scout Tower
25:42 Scout Tower
25:45 Scout Tower
25:49 Guard Tower
25:56 Guard Tower
25:58 Scout Tower
26:04 Scout Tower
26:05 Guard Tower
26:25 Guard Tower
26:28 Scout Tower
26:29 Guard Tower
26:32 Scout Tower
26:35 Scout Tower
26:37 Guard Tower
26:40 Scout Tower
27:31 Guard Tower
28:03 Scout Tower
» items
| Scroll of Regeneration | 3 | |
| Lesser Clarity Potion | 1 | |
| Potion of Healing | 3 | |
| Scroll of Town Portal | 2 | |
9 total
team 2 (winner)
MyC0CKyourASS (
blue | 49 APM | 1994 actions | 40:57)
6 Blademaster
3 Wind Walk
2 Critical Strike
1 Bladestorm
» actions
| Assign group hotkey | 60 | |
| Basic commands | 115 | |
| Build / train | 75 | |
| Enter build submenu | 53 | |
| Enter hero's abilities submenu | 6 | |
| Remove unit from queue | 7 | |
| Right click | 720 | |
| Select / deselect | 516 | |
| Select group hotkey | 240 | |
| Use ability | 202 | |
1994 total
» units
| Peon | 11 | |
| Goblin Shredder | 1 | |
| Troll Batrider | 28 | |
| Goblin Sapper | 5 | |
| Wind Rider | 1 | |
| Goblin Zeppelin | 1 | |
47 total
» upgrades
| Spiked Barricades | 1 | |
| Ranged Weapons | 2 | |
| Liquid Fire | 1 | |
| Reinforced Defenses | 1 | |
| Armor | 2 | |
7 total
» buildings
| Altar of Storms | 1 | |
| Orc Burrow | 10 | |
| War Mill | 2 | |
| Voodoo Lounge | 3 | |
| Watch Tower | 25 | |
| Stronghold | 1 | |
| Great Hall | 3 | |
| Fortress | 1 | |
| Beastiary | 5 | |
51 total
» build order
00:10 Altar of Storms
00:12 Orc Burrow
00:50 War Mill
01:36 Voodoo Lounge
02:03 Watch Tower
02:35 Watch Tower
02:45 Watch Tower
03:11 Stronghold
03:31 Orc Burrow
03:50 Watch Tower
03:59 Watch Tower
04:37 Orc Burrow
05:14 Great Hall
05:26 Watch Tower
06:33 Fortress
06:47 Beastiary
07:01 Watch Tower
07:19 Beastiary
07:21 Beastiary
07:50 Orc Burrow
07:58 Beastiary
08:10 Orc Burrow
08:26 Orc Burrow
08:43 War Mill
09:09 Beastiary
10:04 Orc Burrow
10:10 Voodoo Lounge
13:59 Orc Burrow
14:03 Orc Burrow
14:40 Orc Burrow
18:49 Watch Tower
18:51 Watch Tower
20:04 Watch Tower
20:05 Watch Tower
20:06 Watch Tower
21:04 Watch Tower
21:12 Watch Tower
21:22 Watch Tower
21:24 Watch Tower
21:26 Watch Tower
21:27 Watch Tower
27:54 Voodoo Lounge
27:58 Watch Tower
30:46 Great Hall
30:48 Watch Tower
30:49 Watch Tower
30:52 Watch Tower
30:54 Watch Tower
30:57 Watch Tower
30:59 Watch Tower
31:34 Great Hall
» items
| Healing Salve | 2 | |
| Lesser Clarity Potion | 2 | |
| Orb of Lightning | 1 | |
5 total
Dorian12 (
orange | 42 APM | 1726 actions | 40:57)
5 Archmage
3 Blizzard
2 Brilliance Aura
3 Paladin
2 Holy Light
1 Devotion Aura
3 Mountain King
2 Storm Bolt
1 Bash
» actions
| Assign group hotkey | 37 | |
| Basic commands | 226 | |
| Build / train | 129 | |
| ESC pressed | 6 | |
| Enter build submenu | 43 | |
| Enter hero's abilities submenu | 11 | |
| Give item / drop item | 9 | |
| Right click | 267 | |
| Select / deselect | 358 | |
| Select group hotkey | 522 | |
| Use ability | 118 | |
1726 total
» units
| Peasant | 26 | |
| Footman | 3 | |
| Rifleman | 5 | |
| Mortar Team | 3 | |
| Sorceress | 5 | |
| Siege Engine | 3 | |
| Priest | 4 | |
| Goblin Shredder | 1 | |
| Flying Machine | 5 | |
55 total
» upgrades
| Defend | 1 | |
| Lumber Harvesting | 2 | |
| Gunpowder | 2 | |
| Flare | 1 | |
| Barrage | 1 | |
| Masonry | 2 | |
| Sorceress Training | 2 | |
| Priest Training | 2 | |
| Plating | 2 | |
| Magic Sentry | 1 | |
| Long Rifles | 1 | |
| Flying Machine Bombs | 1 | |
18 total
» buildings
| Lumber Mill | 2 | |
| Farm | 20 | |
| Altar of Kings | 1 | |
| Barracks | 1 | |
| Scout Tower | 12 | |
| Arcane Tower | 1 | |
| Blacksmith | 1 | |
| Arcane Vault | 3 | |
| Keep | 4 | |
| Town Hall | 3 | |
| Guard Tower | 11 | |
| Castle | 4 | |
| Workshop | 1 | |
| Arcane Sanctum | 1 | |
65 total
» build order
01:01 Lumber Mill
01:05 Farm
01:09 Altar of Kings
01:13 Barracks
01:24 Scout Tower
01:34 Farm
01:53 Arcane Tower
02:06 Farm
02:38 Blacksmith
02:44 Arcane Vault
02:47 Arcane Vault
03:02 Farm
03:38 Farm
05:18 Keep
05:18 Keep
07:01 Town Hall
07:03 Scout Tower
07:05 Scout Tower
07:11 Town Hall
07:13 Scout Tower
07:15 Scout Tower
07:26 Arcane Vault
07:36 Guard Tower
07:43 Guard Tower
07:47 Guard Tower
07:47 Guard Tower
07:48 Guard Tower
09:17 Castle
09:20 Workshop
09:22 Arcane Sanctum
10:07 Lumber Mill
10:13 Farm
10:13 Farm
10:14 Farm
10:14 Farm
10:15 Farm
12:56 Scout Tower
13:06 Scout Tower
13:24 Guard Tower
13:45 Scout Tower
13:48 Farm
13:50 Farm
13:50 Farm
14:19 Guard Tower
14:50 Farm
14:51 Farm
15:39 Farm
17:34 Farm
19:28 Town Hall
19:47 Keep
20:17 Scout Tower
20:19 Scout Tower
20:21 Scout Tower
20:30 Scout Tower
20:38 Keep
20:46 Guard Tower
20:49 Guard Tower
20:52 Farm
20:53 Farm
20:57 Guard Tower
21:00 Guard Tower
21:02 Farm
23:01 Castle
» items
| Scroll of Regeneration | 3 | |
| Orb of Fire | 2 | |
| Scroll of Town Portal | 4 | |
| Potion of Healing | 4 | |
13 total
135678637129385 (
red | 103 APM | 4234 actions | 40:57)
6 Blademaster
3 Wind Walk
3 Critical Strike
» actions
| Assign group hotkey | 100 | |
| Basic commands | 423 | |
| Build / train | 142 | |
| ESC pressed | 8 | |
| Enter build submenu | 46 | |
| Enter hero's abilities submenu | 6 | |
| Give item / drop item | 3 | |
| Right click | 1625 | |
| Select / deselect | 528 | |
| Select group hotkey | 1098 | |
| Use ability | 255 | |
4234 total
» units
| Peon | 15 | |
| Grunt | 7 | |
| Goblin Shredder | 6 | |
| Goblin Zeppelin | 13 | |
| Wind Rider | 6 | |
| Raider | 5 | |
| Goblin Sapper | 17 | |
69 total
» upgrades
| Melee Weapons | 3 | |
| Armor | 3 | |
| Berserker Strength | 1 | |
| Pillage | 1 | |
| Ranged Weapons | 5 | |
| Envenomed Spears | 1 | |
| Reinforced Defenses | 1 | |
| Ensnare | 1 | |
| Spiked Barricades | 3 | |
| Troll Regeneration | 1 | |
| Liquid Fire | 1 | |
21 total
» buildings
| Orc Burrow | 8 | |
| Altar of Storms | 1 | |
| Barracks | 1 | |
| Voodoo Lounge | 1 | |
| War Mill | 1 | |
| Stronghold | 4 | |
| Great Hall | 4 | |
| Watch Tower | 23 | |
| Fortress | 2 | |
| Beastiary | 4 | |
49 total
» build order
00:54 Orc Burrow
01:01 Altar of Storms
01:03 Barracks
01:29 Voodoo Lounge
01:55 Orc Burrow
02:27 Orc Burrow
02:55 War Mill
04:53 Stronghold
04:53 Stronghold
04:54 Stronghold
05:36 Great Hall
06:38 Watch Tower
06:38 Watch Tower
06:40 Watch Tower
06:41 Watch Tower
08:00 Orc Burrow
09:02 Watch Tower
09:35 Fortress
09:35 Fortress
09:55 Beastiary
09:57 Beastiary
10:47 Watch Tower
10:48 Watch Tower
11:04 Beastiary
11:07 Beastiary
14:17 Orc Burrow
14:18 Orc Burrow
18:30 Orc Burrow
19:54 Orc Burrow
23:33 Great Hall
24:29 Watch Tower
24:31 Watch Tower
24:32 Watch Tower
24:33 Watch Tower
24:36 Watch Tower
24:45 Watch Tower
24:47 Watch Tower
24:50 Watch Tower
24:53 Watch Tower
26:31 Great Hall
26:35 Watch Tower
26:51 Watch Tower
27:08 Watch Tower
27:34 Watch Tower
27:43 Watch Tower
27:46 Watch Tower
28:05 Watch Tower
28:42 Great Hall
» items
| Healing Salve | 7 | |
| Lesser Clarity Potion | 5 | |
| Scroll of Town Portal | 3 | |
| Orb of Lightning | 1 | |
| Potion of Mana | 1 | |
17 total
paxeco99 (
purple | 78 APM | 1760 actions | 22:25)
4 Priestess of the Moon
2 Searing Arrows
1 Trueshot Aura
1 Scout
» actions
| Assign group hotkey | 30 | |
| Basic commands | 75 | |
| Build / train | 76 | |
| Enter build submenu | 39 | |
| Enter hero's abilities submenu | 4 | |
| Remove unit from queue | 3 | |
| Right click | 711 | |
| Select / deselect | 346 | |
| Select group hotkey | 409 | |
| Use ability | 67 | |
1760 total
» units
| Wisp | 26 | |
| Archer | 5 | |
| Druid of the Claw | 12 | |
| Hippogryph | 14 | |
57 total
» upgrades
| Druid of the Claw Training | 2 | |
| Reinforced Hides | 3 | |
| Strength of the Wild | 3 | |
| Mark of the Claw | 1 | |
9 total
» buildings
| Altar of Elders | 1 | |
| Moon Well | 9 | |
| Ancient of War | 1 | |
| Tree of Ages | 1 | |
| Ancient of Wonders | 1 | |
| Hunter's Hall | 1 | |
| Tree of Life | 4 | |
| Ancient of Lore | 2 | |
| Ancient of Wind | 2 | |
| Tree of Eternity | 1 | |
| Ancient Protector | 3 | |
26 total
» build order
00:11 Altar of Elders
00:20 Moon Well
01:07 Ancient of War
01:39 Moon Well
03:25 Tree of Ages
03:34 Ancient of Wonders
04:06 Hunter's Hall
04:14 Moon Well
05:00 Tree of Life
05:22 Moon Well
05:34 Moon Well
05:48 Ancient of Lore
05:53 Ancient of Wind
07:33 Moon Well
08:13 Tree of Eternity
09:11 Ancient Protector
09:30 Ancient Protector
09:49 Moon Well
10:11 Ancient of Wind
15:28 Ancient Protector
15:44 Ancient of Lore
16:34 Tree of Life
18:03 Moon Well
18:05 Moon Well
19:19 Tree of Life
20:27 Tree of Life
Chat log
(00:13 / All) REDHEAD-MAN: dorian12!!!!!!!
(00:18 / All) Dorian12: red
(00:22 / Allies) MyC0CKyourASS: red
(00:24 / All) Dorian12: ?
(00:29 / Allies) 135678637129385: yeah
(00:34 / Allies) MyC0CKyourASS: me and u ok?
(00:37 / Allies) 135678637129385: totally
(03:46 / Allies) Dorian12: k
(12:35 / All) 135678637129385: lawl
(12:42 / All) talk: u suck
(12:46 / All) 135678637129385: LOL
(12:54 / All) talk: cant kill a shit
(13:01 / All) 135678637129385: yeah and neither can you faggot
(13:08 / All) talk: crymorecrymore
(13:11 / All) 135678637129385: LOL
(13:13 / All) 135678637129385: IT'S CRYMORE
(13:13 / All) talk: i didt ever play now
(13:15 / All) 135678637129385: I RAPE YOU ALL THE TIME
(13:20 / All) talk: rape?
(13:23 / All) 135678637129385: EVERY TIM LOL
(13:26 / All) talk: lol didt ever kill a shit
(13:45 / All) talk: lol
(13:48 / All) 135678637129385: gonna sit in your base all game?
(13:49 / All) 135678637129385: and trade tps?
(13:57 / All) talk: yes
(14:02 / All) talk: coz i got noob ally
(14:04 / All) 135678637129385: hope that works out for you
(14:10 / All) talk: so now just sit in base
(14:13 / All) REDHEAD-MAN: hes mad i took shredder
(14:18 / All) talk: dont give a fuk
(14:22 / All) 135678637129385: he's a big retarded pussy lol
(14:23 / All) talk: lol
(14:28 / All) talk: i dont need one
(14:42 / All) talk: teal tp out cos he want to buy a sherred
(14:44 / All) talk: lol
(14:53 / All) talk: i dont ever need one
(14:57 / All) 135678637129385: green puss out cuz he's a puss
(15:04 / All) talk: cos
(15:07 / All) 135678637129385: eat shit
(15:26 / All) talk: i got 5 k gold so dont bother me
(16:58 / Allies) Dorian12: gj
(17:08 / All) 135678637129385: raped lol
(17:16 / All) FashionablyLate: yeah he got his base destroyed
(19:48 / Allies) paxeco99: what you do?
(19:49 / Allies) paxeco99: wtf?
(21:03 / Allies) paxeco99: hello?
(21:07 / Allies) 135678637129385: hey
(21:10 / Allies) paxeco99: why
(21:11 / Allies) paxeco99: ?
(21:12 / Allies) paxeco99: ..
(21:28 / Allies) 135678637129385: cuz you gotta eat shit, you're noob elf trash
(24:11 / Allies) 135678637129385: that's my expo down there
(24:12 / Allies) 135678637129385: not yours
(24:18 / Allies) 135678637129385: I kill and raze your whole base down to the ground and every unit
(24:20 / Allies) 135678637129385: if you try to take that
(24:20 / Allies) Dorian12: where to?
(26:15 / All) 135678637129385: +23 damage blademaster with vampiric aura
(26:18 / All) 135678637129385: and nothing to use ito n
(26:53 / All) talk: i will leave when ur mom is ready for me red
(26:55 / All) talk: okok
(26:59 / All) talk: soon
(27:00 / All) 135678637129385: I'm fucking your mother right now
(27:02 / All) 135678637129385: she's blowing me
(27:05 / All) 135678637129385: your mother gives great head
(27:12 / All) 135678637129385: I let your mom suck my cock any day green
(27:13 / All) talk: oh so u the one with the small dick lol
(27:15 / All) talk: okok
(27:21 / All) 135678637129385: I have a huge dick, ask your mother
(27:24 / All) 135678637129385: she's gagging on it right now
(27:28 / All) talk: get a small dick XDXDXD
(27:32 / All) 135678637129385: she can probably only tell you MGMGMGMGFFm
(27:34 / All) talk: NO WAY
(27:36 / All) FashionablyLate: god I'm stupid lol
(27:48 / All) talk: SMALL DICK DONT MAKE GIRL CRY
(27:55 / All) talk: SMALL DICKER LOL
(28:00 / All) 135678637129385: your mom is crying on my dick right now lol
(28:23 / All) talk: NO MY MOM CRY
(28:29 / All) talk: NO FEEL SHE SAY
(28:34 / All) talk: AND U CRY LOL
(29:26 / All) talk: RED UR MOM IS HERE
(29:34 / All) talk: SEE U LATER MY SONLOL
(29:43 / All) REDHEAD-MAN: nice
(29:44 / All) 135678637129385: lol
(29:48 / All) FashionablyLate: I wasted my blade storm
(29:53 / All) FashionablyLate: I don't know why I clicked that lol
(30:16 / All) FashionablyLate: could have used it against orange
(32:19 / All) REDHEAD-MAN: blue ur such a nigger
(32:28 / All) MyC0CKyourASS: why
(32:36 / All) REDHEAD-MAN: the game is over, just leave
(32:45 / All) MyC0CKyourASS: nah
(32:48 / All) MyC0CKyourASS: red is tking orange
(32:51 / Allies) MyC0CKyourASS: want to see that
(32:58 / All) MyC0CKyourASS: i kinda want to see that
(35:09 / All) FashionablyLate: fuck lawl
(35:24 / All) FashionablyLate: diudn't me=an to attack before net
(36:41 / Allies) MyC0CKyourASS: 100 gold oragen
(38:45 / All) 135678637129385: this map always makes the most boring games
(38:47 / All) FashionablyLate: BITCH
(39:00 / All) FashionablyLate: crymore made it boring
(39:00 / All) REDHEAD-MAN: thats why i want it gone
(39:02 / All) FashionablyLate: he did nothing
(39:05 / All) FashionablyLate: and yellow sucked
(39:09 / All) FashionablyLate: got his base raped and quoit
(39:45 / All) FashionablyLate: this is a good map
(39:51 / All) REDHEAD-MAN: no its not its terrible
(39:59 / All) FashionablyLate: also has 2 chokes points
(40:01 / All) 135678637129385: the most boring games I've had have always been on this map
(40:14 / All) REDHEAD-MAN: its a poor man's fullscale we dont need two like it
(40:20 / All) FashionablyLate: I've had barnburners on this maop
(40:40 / All) 135678637129385: anything to say to us blue and orange?
(40:44 / All) FashionablyLate: at least crymore left
(40:47 / All) FashionablyLate: and gave me resources
(40:50 / All) MyC0CKyourASS: gg
(40:54 / All) FashionablyLate: he gave resources then left